Unix NetHack Version 3.7.0-88 Work-in-progress - last build Aug 6 2023 13:40:22 (5c9c4c7fffe0d5f0a8b1342c2a36a56ed743986a,branch:master). Game began 2023-08-13 21:14:50, ended 2023-08-15 07:40:09. puncake, chaotic male orcish Rogue ----- ---...@a.- ......)..[.. .........*).. >*.*.).f..... ............. ..--..#. h Puncake the Rogue St:18 Dx:18 Co:16 In:9 Wi:10 Ch:9 Chaotic S:2737 Dlvl:5 $:91 HP:0(44) Pw:19(19) AC:6 Xp:6/589 T:5531 Latest messages: Bingus misses the killer bee. The killer bee stings! The killer bee stings! Bingus misses the killer bee. Bingus misses the killer bee. You see here a hooded cloak. Bingus misses the killer bee. The hobbit throws a dagger! A dagger misses you. What do you want to use or apply? Improvise? y You start playing your bugle. You extract a loud noise from your bugle. The killer bee turns to flee. The killer bee turns to flee. The hobbit turns to flee. You hear some noises. You kill the killer bee! b - 2 uncursed +0 orcish daggers (at the ready) (8 in total). p - an iron wand. q - a scroll labeled ZLORFIK. s - a slime mold. t - a triangular amulet. x - a scroll labeled HACKEM MUCHE. y - an ivory ring. z - a scroll labeled DAIYEN FOOELS. E - a food ration. G - a shiny ring. J - a scroll labeled LEP GEX VEN ZEA. L - a scroll of identify. You have a little trouble lifting a murky potion. Continue? q There is a grave here. Something is engraved here on the headstone. You read: "ayyydriannn, killed by a dwarf". There are many more objects here. The killer bee stings! The killer bee's sting was poisoned! The poison doesn't seem to affect you. You kill the killer bee! A gush of water hits the gnome! The killer bee stings! You miss the killer bee. The killer bee stings! You miss the killer bee. The killer bee stings! The killer bee stings! You hit the killer bee! The killer bee stings! You die... Do you want to see the dungeon overview? y Inventory: Coins $ - 91 gold pieces Amulets u - a cursed amulet of change named cursed t - a cursed amulet of ESP N - a cursed amulet of strangulation Weapons P - 4 uncursed +0 darts r - 3 uncursed +0 shuriken o - a blessed +2 orcish dagger (weapon in hand) b - 8 uncursed +0 orcish daggers (at the ready) Armor m - an uncursed +0 orcish helm (being worn) c - an uncursed +1 leather armor (being worn) Comestibles s - a cursed slime mold i - 12 uncursed food rations j - a cursed partly eaten food ration E - a cursed food ration g - an uncursed fortune cookie S - 2 uncursed tripe rations Scrolls x - a cursed scroll of confuse monster F - an uncursed scroll of enchant armor J - an uncursed scroll of enchant weapon M - a cursed scroll of genocide L - a blessed scroll of identify z - a cursed scroll of light l - a blessed scroll of magic mapping D - an uncursed scroll of scare monster n - an uncursed scroll of teleportation q - a cursed scroll of teleportation Potions C - an uncursed potion of healing v - a cursed potion of healing h - an uncursed potion of object detection d - an uncursed potion of sickness B - a blessed potion of speed K - an uncursed potion of water Rings U - a cursed -3 ring of gain strength H - an uncursed ring of regeneration y - a cursed ring of regeneration G - a cursed ring of warning Wands Y - an uncursed wand of digging (0:0) R - an uncursed wand of lightning (0:6) p - a cursed wand of magic missile (0:4) w - an uncursed wand of opening (0:5) Tools f - an empty uncursed sack A - an uncursed bugle e - an uncursed lock pick k - a cursed magic lamp Gems/Stones I - an uncursed worthless piece of violet glass Puncake the Rogue's attributes: Background: You were a Rogue, level 6 male orc. You were chaotic, nominally on a mission for Kos who was opposed by Issek (lawful) and Mog (neutral). You were in the Gnomish Mines, on level 5. You entered the dungeon 5531 turns ago. There was a new moon in effect when your adventure ended. You had 589 experience points, 51 more were needed to attain level 7. Your score was 2737 before end-of-game adjustments. Basics: You had 0 out of 44 hit points. You had all 19 energy points (spell power). Your armor class was 6. Your wallet contained 91 zorkmids. Autopickup was on for '%$?!/="+' plus thrown, with exceptions. Final Characteristics: Your strength was 18 (limit:18/50). Your dexterity was 18 (limit:18). Your constitution was 16 (limit:18). Your intelligence was 9 (limit:16). Your wisdom was 10 (limit:16). Your charisma was 9 (limit:16). Final Status: You were not hungry. You were unencumbered. You were wielding a dagger. You were skilled in dagger. Final Attributes: You were piously aligned. You were poison resistant. You had infravision. You were stealthy. You were warded. You are dead. Miscellaneous: You encountered 1 bones level. Total elapsed playing time was 28 minutes and 14 seconds. Major events: Turn 1: puncake the chaotic male orcish Rogue entered the dungeon 1409: attained the rank of Cutpurse (level 3) 2026: entered the Gnomish Mines 3692: entered Sokoban 4746: attained the rank of Rogue (level 6) 4851: completed 2nd Sokoban level 5316: destroyed ayyydriannn's ghost, the former Pillager 5531: killed by a killer bee Vanquished creatures: a ghost a giant beetle a gold golem a lizard an ape a wood nymph a water nymph 2 Mordor orcs a rock mole a shrieker a gnome leader a gnomish wizard a red naga hatchling 3 elf zombies 2 giant ants a floating eye a kitten 2 dwarves a homunculus 3 kobold leaders a rothe a centipede a giant bat 2 orc zombies 3 iguanas 2 killer bees an acid blob 2 hobgoblins 3 giant rats a cave spider a yellow mold a red mold 9 gnomes 3 garter snakes a gnome zombie 2 geckos 7 jackals 2 foxes 3 goblins 2 sewer rats 12 grid bugs 3 bats 6 lichens a kobold zombie 6 newts 103 creatures vanquished. No species were genocided or became extinct. Voluntary challenges: You were an atheist. You read items or engraved 11 times. You engraved Elbereth 2 times. You never genocided any monsters. You never polymorphed an object. You never changed form. You used no wishes. You violated the special Sokoban rules twice. Achievements: You attained the rank of Cutpurse. You entered the Gnomish Mines. You entered Sokoban. You attained the rank of Rogue. The Dungeons of Doom: levels 1 to 6 Level 1: A fountain. Level 2: A fountain. Level 3: A fountain, a sink. Level 4: Stairs down to The Gnomish Mines. Level 5: Many fountains. Level 6: Some fountains. Stairs up to Sokoban, level 5. The Gnomish Mines: Level 5: <- You were here. A grave. Final resting place for you, killed by a killer bee, ayyydriannn-Bar-Orc-Fem-Cha, killed by a dwarf. Sokoban: levels 5 up to 4 Level 4: Solved. Level 5: Unsolved. Game over: ---------- / \ / REST \ / IN \ / PEACE \ / \ | puncake | | 91 Au | | killed by a | | killer bee | | | | | | 2023 | *| * * * | * _________)/\\_//(\/(/\)/\//\/|_)_______ Goodbye puncake the Rogue... You died in The Gnomish Mines on dungeon level 5 with 2728 points, and 91 pieces of gold, after 5531 moves. You were level 6 with a maximum of 44 hit points when you died.